 Dungeon Crawl Stone Soup version 0.20-a0-11-ga97c7b5 (webtiles) character file.

1362 Gorggeron the Spear-Bearer (level 8, -3/70 HPs)
             Began as a Hill Orc Fighter on Nov 2, 2016.
             Was a Priest of Okawaru.
             Slain by Vasilisck's ghost (6 damage)
             ... on level 6 of the Dungeon.
             The game lasted 01:14:03 (4415 turns).

Gorggeron the Spear-Bearer (Hill Orc Fighter)       Turns: 4415, Time: 01:14:04

Health: -3/70      AC: 13    Str: 21    XL:     8   Next: 64%
Magic:  11/11      EV:  9    Int:  8    God:    Okawaru [***...]
Gold:   259        SH:  0    Dex: 10    Spells: 0 memorised, 11 levels left

rFire  + . .     SeeInvis .     d - +0 scythe
rCold  + . .     Gourm    .     H - +0 scale mail
rNeg   . . .     Faith    .     (shield currently unavailable)
rPois  +         Spirit   .     (no helmet)
rElec  .         Reflect  .     C - +2 cloak
rCorr  .         Harm     .     p - +0 pair of gloves
MR     .....     Clarity  +     v - +0 pair of boots
Stlth  ..........               K - amulet of rage
                                M - ring of poison resistance
                                E - ring of protection from cold

@: exhausted, slowed, very slow
A: blurry vision 1, clarity, fire resistance 1
a: Heroism, Renounce Religion, Evoke Berserk Rage


You were on level 6 of the Dungeon.
You worshipped Okawaru.
Okawaru was most pleased with you.
You were very hungry.

You visited 2 branches of the dungeon, and saw 7 of its levels.

You collected 259 gold pieces.

Inventory:

Hand Weapons
 a - a +0 trident
 d - a +0 scythe (weapon)
 q - a +0 shortbow
 A - a +0 shortbow
Missiles
 h - 44 bolts
 B - 92 arrows
Armour
 c - a +0 shield
 p - a +0 pair of gloves (worn)
 r - a +0 troll leather armour
 v - a +0 pair of boots (worn)
 C - a +2 cloak (worn)
 H - a +0 scale mail (worn)
Magical Staves
 m - an uncursed staff of poison
 s - an uncursed staff of death
 u - an uncursed staff of wizardry
Jewellery
 E - a ring of protection from cold (left hand)
 K - an amulet of rage (around neck)
 M - a ring of poison resistance (right hand)
Wands
 J - a wand of digging (12/24)
 N - a wand of paralysis (10/24)
 O - a wand of slowing (23/48)
Scrolls
 b - a scroll of enchant weapon {unknown}
 e - 5 scrolls of identify {unknown}
 g - 3 scrolls of blinking {unknown}
 i - a scroll of fear {unknown}
 k - a scroll of noise {unknown}
 n - 4 scrolls of random uselessness {unknown}
 o - 2 scrolls of fog {unknown}
 w - a scroll of enchant armour {unknown}
 y - 2 scrolls of recharging {unknown}
 z - 2 scrolls of remove curse {unknown}
 G - a scroll of immolation {unknown}
 I - a scroll of teleportation {unknown}
 L - a scroll of magic mapping {unknown}
Potions
 j - 2 potions of mutation
 x - a potion of berserk rage
 D - 2 potions of agility
 F - a potion of degeneration {unknown}
Comestibles
 f - 3 bread rations
 l - 3 beef jerkies
 t - 3 meat rations


   Skills:
 * Level 5.7 Fighting
 * Level 8.0 Polearms
 * Level 1.7 Bows
 - Level 0.1 Throwing
 * Level 5.9 Armour
 - Level 3.2 Shields
 * Level 2.2 Spellcasting
 * Level 2.4 Invocations
 * Level 0.6 Evocations


You had 11 spell levels left.
You didn't know any spells.

Dungeon Overview and Level Annotations

Branches:
Dungeon (6/15)             Temple (1/1) D:5

Altars:
Cheibriados
Elyvilon
Fedhas
Gozag
Hepliaklqana
Kikubaaqudgha
Makhleb
Nemelex Xobeh
Okawaru
Qazlal
Ru
Sif Muna
Trog
Uskayaw
Vehumet
Xom
Yredelemnul
Zin
The Shining One

Shops:
D:5 [

Annotations:
D:6 Vasilisck's ghost, novice DsFi


Innate Abilities, Weirdness & Mutations

Scrolls take you a little longer to read.
You possess an exceptional clarity of mind.
Your flesh is heat resistant. (rF+)


Message History

* * * LOW HITPOINT WARNING * * *
You barely miss Vasilisck's ghost.
Vasilisck's ghost is almost destroyed.
Vasilisck's ghost hits you but does no damage.
You barely miss Vasilisck's ghost.
Vasilisck's ghost is almost destroyed.
Vasilisck's ghost hits you.
* * * LOW HITPOINT WARNING * * *
You closely miss Vasilisck's ghost.
Vasilisck's ghost is almost destroyed.
You are no longer berserk.
You are exhausted.
You feel yourself slow down.
You are feeling very hungry.
Vasilisck's ghost hits you but does no damage.
You hit Vasilisck's ghost but do no damage.
Vasilisck's ghost is almost destroyed.
Vasilisck's ghost hits you but does no damage.
Vasilisck's ghost hits you.
You die...

... .. ..# .#### ...
.... .. ... #. .. #.#.#
##### #...# .. #(...
#..##(((.
#....###########@W...##
#.......................
#......##.##.###.....###
#......##.##.# #.>##.#
#......##.##.# ##.# .#
###....##.##.# .# .
#......##.##.# .# .
#>...####.##.# .# #....#
#.##.###


You could see Vasilisck's ghost.

Vanquished Creatures
  Sigmund (D:2)
  The ghost of Raws the Skirmisher, an amateur DsFi (D:3)
  A sky beast (D:5)
  An ogre (D:5)
  An ice beast (D:6)
  3 centaurs
  A scorpion (D:4)
  A howler monkey (D:5)
  2 bullfrog zombies (D:5)
  4 crimson imps (D:5)
  A hound (D:5)
  Terence (D:3)
  An iguana (D:5)
  2 worker ants
  8 adders
  A howler monkey skeleton (D:5)
  A shadow imp (D:5)
  An ooze (D:4)
  A worm (D:2)
  2 dart slugs
  3 leopard geckos
  An orc (D:4)
  3 giant cockroaches
  9 goblins
  A hobgoblin (D:3)
  7 jackals (D:4)
  4 quokkas
  8 bats
  2 frilled lizards (D:4)
  7 kobolds
  A leopard gecko zombie (D:5)
  18 rats (D:4)
99 creatures vanquished.

Notes
Turn   | Place    | Note
-------+----------+-------------------------------------------
     0 | D:1      | Gorggeron the Hill Orc Fighter began the quest for the Orb.
     0 | D:1      | Reached XP level 1. HP: 19/19 MP: 1/1
   277 | D:1      | Reached XP level 2. HP: 27/27 MP: 2/2
  1162 | D:2      | Reached XP level 3. HP: 33/33 MP: 4/4
  1229 | D:2      | Found a glowing golden altar of the Shining One.
  1234 | D:2      | Found a white marble altar of Elyvilon.
  1235 | D:2      | Found a deep blue altar of Sif Muna.
  1235 | D:2      | Found a glowing silver altar of Zin.
  1237 | D:2      | Found a radiant altar of Vehumet.
  1244 | D:2      | Found an iron altar of Okawaru.
  1252 | D:2      | Became a worshipper of Warmaster Okawaru
  1347 | D:2      | Reached skill level 3 in Polearms
  1357 | D:2      | Gained mutation: You possess an exceptional clarity of mind. [potion of mutation]
  1357 | D:2      | Gained mutation: Your flesh is heat resistant. (rF+) [potion of mutation]
  1357 | D:2      | Gained mutation: Scrolls take you a little longer to read. [potion of mutation]
  1376 | D:2      | Found a burning altar of Makhleb.
  1377 | D:2      | Found a shimmering altar of Xom.
  1407 | D:2      | Noticed Sigmund
  1419 | D:2      | Killed Sigmund
  1419 | D:2      | Reached * piety under Okawaru
  1419 | D:2      | Reached skill level 4 in Polearms
  1419 | D:2      | Reached skill level 1 in Spellcasting
  1419 | D:2      | Reached XP level 4. HP: 30/41 MP: 5/5
  1419 | D:2      | Reached XP level 5. HP: 34/47 MP: 6/6
  1940 | D:3      | Found a snail-covered altar of Cheibriados.
  1978 | D:3      | Reached XP level 6. HP: 51/53 MP: 7/7
  2169 | D:3      | Noticed Raws's ghost (amateur DsFi)
  2182 | D:3      | Reached skill level 5 in Polearms
  2299 | D:3      | Noticed Terence
  2303 | D:3      | Killed Terence
  2330 | D:3      | Killed Raws's ghost
  2330 | D:3      | Reached ** piety under Okawaru
  2330 | D:3      | Reached skill level 5 in Fighting
  2550 | D:4      | Reached XP level 7. HP: 34/61 MP: 9/9
  2687 | D:4      | Reached skill level 5 in Armour
  2727 | D:4      | Reached skill level 6 in Polearms
  3520 | D:5      | Entered Level 5 of the Dungeon
  3529 | D:5      | Found a staircase to the Ecumenical Temple.
  3549 | Temple   | Entered the Ecumenical Temple
  3640 | D:5      | Found Dumyecwao's Antique Armour Emporium.
  3683 | D:5      | Reached skill level 1 in Invocations
  3998 | D:5      | Reached skill level 7 in Polearms
  3998 | D:5      | Reached skill level 1 in Bows
  3998 | D:5      | Reached XP level 8. HP: 66/68 MP: 10/10
  4217 | D:5      | Reached *** piety under Okawaru
  4375 | D:6      | Reached skill level 8 in Polearms
  4384 | D:6      | Noticed Vasilisck's ghost (novice DsFi)
  4413 | D:6      | HP: 4/105 [Vasilisck's ghost (5)]
  4415 | D:6      | Slain by Vasilisck's ghost

Vault maps used:
D:1:      dpeg_arrival_long_road
D:2:      gammafunk_temple_overflow_pools, grunt_temple_overflow_open,
          uniq_sigmund
D:3:      kennysheep_slug_shrine, uniq_terence
D:4:      minmay_rat_hole
D:5:      first_bread, serial_shops, shop
Temple:   zaba_magenta_temple

Skill      XL: |  1  2  3  4  5  6  7  8 |
---------------+-------------------------+-----
Polearms       | 4 5 7 8 |  8.0
Fighting       | 4 5 |  5.7
Armour         | 4 5 |  5.9
Spellcasting   | 1 2 |  2.2
Invocations    | 1 2 |  2.4
Bows           | 1 |  1.7
Throwing       | |  0.1
Shields        | |  3.2
Evocations     | |  0.6

Action                   |  1- 3 |  4- 6 |  7- 9 || total
-------------------------+-------+-------+-------++-------
Melee: Trident           |   111 |     4 |       ||   115
       Scythe            |       |    73 |   197 ||   270
 Fire: Shortbow          |       |       |    17 ||    17
Throw: Stone             |     7 |    12 |     8 ||    27
Invok: Heroism           |       |       |     3 ||     3
 Abil: Evoke Berserk Rag |       |       |     1 ||     1
  Use: Potion            |     4 |       |     2 ||     6
  Eat: Chunk             |     2 |     3 |     7 ||    12
Armor: Scale mail        |    31 |    58 |   140 ||   229
Dodge: Dodged            |    22 |    48 |   102 ||   172
Block: Shield            |    47 |     3 |       ||    50
